 Dungeon Crawl Stone Soup version 0.26-a0-1101-g8f9f7f7418 (webtiles) character file.

Game seed: 8835938347814069460

1878 GordonOverkill the Skirmisher (level 9, -3/50 HPs)
             Began as a Vine Stalker Fire Elementalist on Dec 14, 2020.
             Killed from afar by an orc wizard (6 damage)
             ... with a magic dart
             ... on level 6 of the Dungeon on Dec 15, 2020.
             The game lasted 00:42:06 (9076 turns).

GordonOverkill the Skirmisher (VSFE)                Turns: 9076, Time: 00:42:07

Health: -3/50      AC:  0    Str:  9 (11) XL:     9   Next: 14%
Magic:  0/17       EV: 14    Int: 15 (18) God:
Gold:   398        SH:  0    Dex: 14 (15) Spells: 5/18 levels left

rFire    . . .     SeeInvis .   (weapon currently unavailable)
rCold    . . .     Faith    .   (shield currently unavailable)
rNeg     . . .     Spirit   +   (armour currently unavailable)
rPois    .         Reflect  .   (helmet currently unavailable)
rElec    .         Harm     .   (cloak currently unavailable)
rCorr    .         Rampage  .   (gloves currently unavailable)
Will     +....                  (boots currently unavailable)
Stlth    +++.......             (no amulet)
HPRegen  0.56/turn              (ring currently unavailable)
MPRegen  0.15/turn              (ring currently unavailable)

@: pig-form (expiring), flying, very quick
A: small, regeneration 1, magic shield, no potion heal 3
a: no special abilities


You were on level 6 of the Dungeon.
You were a filthy swine.
You visited 1 branch of the dungeon, and saw 6 of its levels.

You collected 398 gold pieces.

Inventory:

Hand Weapons
 r - a +0 trident
 s - a +0 whip of venom
 w - the +6 spear "Impbane" (melded) {freeze, rF+ Str+4}
   (You found it on level 5 of the Dungeon)

   It has been specially enchanted to freeze those struck by it, causing extra
   injury to most foes and up to half again as much damage against particularly
   susceptible opponents.
   It can also slow down cold-blooded creatures.
   It affects your strength (+4).
   It protects you from fire.
Missiles
 b - 17 sling bullets
Armour
 a - a +0 robe (melded)
 e - a +1 helmet (melded)
 m - a +2 pair of boots (melded)
Jewellery
 d - a +6 ring of dexterity (melded)
 l - a ring of willpower (melded)
 t - an uncursed ring of see invisible
Scrolls
 h - a scroll of noise {unknown}
 j - 4 scrolls of remove curse
 p - 2 scrolls of enchant weapon
Potions
 c - a potion of brilliance
 f - a potion of attraction {unknown}
 o - a potion of might
 v - a potion of lignification


   Skills:
 + Level 7.0 Fighting
 - Level 1.5 Dodging
 - Level 5.0 Stealth
 + Level 5.0 Spellcasting
 - Level 5.0 Conjurations
 + Level 5.0 Fire Magic


You had 5 spell levels left.
You knew the following spells:

 Your Spells              Type           Power        Failure   Level
a - Foxfire               Conj/Fire      ###.         1%          1
b - Conjure Flame         Conj/Fire      ###.....     6%          3
c - Sticky Flame          Conj/Fire      ###.....     21%         4
d - Fireball              Conj/Fire      ###.......   50%         5

Your spell library contained the following spells:

 Spells                   Type           Power        Failure   Level
 Inner Flame              Hex/Fire       ##......     17%         3


Dungeon Overview and Level Annotations

Branches:
Dungeon (6/15)
 Temple: D:4-7

Altars:
Cheibriados

Shops:
D:4 *

Annotations:
D:4 Blork the orc
D:6 Maggie


Innate Abilities, Weirdness & Mutations

((You have razor-sharp teeth.))
Your natural rate of healing is unusually fast.
When hurt, damage is shared between your health and your magic reserves.
((Your bite disrupts and absorbs the magic of your enemies.))
Potions cannot restore your health.


Message History

The orc wizard blinks!
The orc warrior barely misses you.
You see here a stone.
Okay, then.
The orc warrior zaps a wand.
The orc warrior throws a stone.
The stone hits you!!
* * * LOW HITPOINT WARNING * * *
You see here a stone.
It was a potion of lignification.
You feel woody for a moment.
It was a potion of flight.
You feel very buoyant.
You fly up into the air.
The orc wizard barely misses you.
It was a potion of degeneration.
There was something very wrong with that liquid.
You feel weakened.
You feel dopey.
You feel clumsy.
The orc wizard is no longer moving quickly.
The orc wizard hits you with a +0 dagger.
* * * LOW HITPOINT WARNING * * *
The orc wizard gestures at you while chanting.
The magic dart hits you!
You die...

#.# #.#########.####.#
#.#####...........# #(#
#.....>.########### #.#
........# ##.# ######>.##
#.o# ##...## #.#o..# ##
##.....# #########.#...## ..
#......# #........[......#
#. #......#
#..oh.........o... #.
#.#...## #.o#####........##
#. #.#.### #(.# #..#...###
#. #.#.# #(.# #..#...######.
#.#.######o.# #..##.#.......
#.#.........# #..# .#.#####.
####.#########(# #..# #.# #.
†.....)..§.o.(.#####..##.#.#
#.
.###########...).........#.#
#.


You could see an orc warrior and an orc wizard.

Vanquished Creatures
  Grinder (D:3)
  Menkaure (D:4)
  3 sky beasts
  An orc warrior (D:6)
  An ogre (D:4)
  A centaur (D:6)
  A bullfrog (D:6)
  4 killer bees (D:6)
  A centaur skeleton (D:5)
  3 orc priests
  A gnoll shaman (D:4)
  A hound (D:4)
  2 jellies
  An orc wizard (D:6)
  2 iguanas (D:6)
  Natasha (D:1)
  5 worker ants
  A hound skeleton (D:4)
  2 worker ant zombies
  8 adders
  10 gnolls
  A shadow imp (D:6)
  An adder skeleton (D:4)
  A worm (D:2)
  A dart slug (D:4)
  3 leopard geckos
  10 orcs
  3 ball pythons
  9 bats
  5 giant cockroaches
  5 goblins
  7 hobgoblins
  23 jackals
  10 kobolds
  4 quokkas
  3 frilled lizards
  5 rats
142 creatures vanquished.

Vanquished Creatures (others)
  534 foxfires
534 creatures vanquished.

Grand Total: 676 creatures vanquished

Notes
Turn   | Place    | Note
-------+----------+-------------------------------------------
     0 | D:1      | GordonOverkill the Vine Stalker Fire Elementalist began the
                  | quest for the Orb.
     0 | D:1      | Reached XP level 1. HP: 9/9 MP: 4/4
   506 | D:1      | Reached XP level 2. HP: 13/13 MP: 4/6
  1201 | D:2      | Noticed Natasha
  1212 | D:2      | Noticed a crimson imp
  1222 | D:1      | Noticed a crimson imp
  1240 | D:1      | Noticed a crimson imp
  1249 | D:1      | Noticed a crimson imp
  1262 | D:1      | Noticed a crimson imp
  1265 | D:1      | Killed Natasha
  1266 | D:1      | Reached XP level 3. HP: 7/17 MP: 0/7
  1451 | D:1      | Learned a level 3 spell: Conjure Flame
  1971 | D:2      | Reached skill level 1 in Fighting
  1977 | D:2      | Gained mutation: Your natural rate of healing is unusually
                  | fast. [Vine Stalker growth]
  1977 | D:2      | Reached XP level 4. HP: 22/22 MP: 3/9
  2515 | D:2      | Learned a level 4 spell: Sticky Flame
  3132 | D:3      | Reached XP level 5. HP: 25/25 MP: 3/10
  3221 | D:3      | Noticed Grinder
  3234 | D:3      | Killed Grinder
  3235 | D:3      | Reached skill level 2 in Fighting
  3235 | D:3      | Reached skill level 5 in Stealth
  3235 | D:3      | Reached XP level 6. HP: 29/32 MP: 1/12
  4224 | D:3      | Reached skill level 3 in Fighting
  4525 | D:4      | Noticed Menkaure
  4538 | D:4      | Killed Menkaure
  4539 | D:4      | Reached skill level 4 in Fighting
  4539 | D:4      | Reached XP level 7. HP: 25/37 MP: 1/14
  4543 | D:4      | Noticed Blork the orc
  4889 | D:4      | Reached skill level 5 in Fighting
  5307 | D:4      | Found Faevapla's Lightly-Used Armoury.
  5653 | D:4      | Gained mutation: You have razor-sharp teeth. [Vine Stalker
                  | growth]
  5653 | D:4      | Reached XP level 8. HP: 43/43 MP: 10/15
  5759 | D:5      | Entered Level 5 of the Dungeon
  5893 | D:5      | Learned a level 5 spell: Fireball
  6659 | D:5      | Got an ichor-stained spear
  6660 | D:5      | Identified the +6 spear "Impbane" {freeze, rF+ Str+4} (You
                  | found it on level 5 of the Dungeon)
  7069 | D:5      | Found a snail-covered altar of Cheibriados.
  7410 | D:6      | Noticed Maggie
  7950 | D:6      | Reached skill level 5 in Spellcasting
  7950 | D:6      | Reached skill level 5 in Fire Magic
  8056 | D:6      | Reached skill level 6 in Fighting
  8318 | D:6      | Reached XP level 9. HP: 42/49 MP: 7/17
  8608 | D:6      | Reached skill level 5 in Conjurations
  8647 | D:6      | Identified the +2 robe of Death's Door {Str+2}
  8902 | D:6      | Reached skill level 7 in Fighting
  9076 | D:6      | Killed from afar by an orc wizard

Illustrated notes

Levels and vault maps discovered:
D:1:      evilmike_arrival_rings, layout_loops_ring
D:2:      layout_basic, uniq_natasha
D:3:      layout_rooms, uniq_grinder
D:4:      layout_rooms, st_stairs_8, minmay_shop_damaged,
          minmay_misc_feat_more_columns, uniq_menkaure, uniq_blork_the_orc
D:5:      layout_loops_ring, marbit_many_paths
D:6:      layout_loops_ring, uniq_maggie

Skill      XL: |  1  2  3  4  5  6  7  8  9 |
---------------+----------------------------+-----
Stealth        | 3 4 5 |  5.0
Fighting       | 1 2 4 5 6 7 |  7.0
Conjurations   | 2 4 5 |  5.0
Spellcasting   | 3 4 5 |  5.0
Fire Magic     | 4 5 |  5.0
Dodging        | |  1.5

Action                   |  1- 3 |  4- 6 |  7- 9 || total
-------------------------+-------+-------+-------++-------
Melee: Unarmed           |     2 |       |       ||     2
       Dagger            |     3 |       |       ||     3
       Bite              |     2 |     2 |     4 ||     8
       Hand axe          |       |     1 |       ||     1
       Whip              |       |       |     6 ||     6
       Spear             |       |       |    57 ||    57
 Cast: Foxfire           |    62 |   134 |   171 ||   367
       Sticky Flame      |       |     1 |    21 ||    22
       Conjure Flame     |       |     9 |    22 ||    31
  Use: Scroll            |     7 |     2 |    12 ||    21
       Potion            |       |     1 |     6 ||     7
 Stab: Sleeping          |     1 |     1 |     1 ||     3
Armor: Robe              |     8 |    10 |    19 ||    37
Dodge: Dodged            |    26 |    34 |    44 ||   104
       Rpst.: Long sword |       |     6 |       ||     6

Table legend: (Time is in decaauts)
 A = Elapsed time spent in this place.
 B = Non-inter-level travel time spent in this place.
 C = Inter-level travel time spent in this place.
 D = Time resting spent in this place.
 E = Time spent auto-exploring this place.
 F = Levels seen in this place.
 G = Mean time per level.
                   A        B        C        D        E       F      G
               +--------+--------+--------+--------+--------+-----+--------+
         Total |   9114 |   8773 |    341 |   4395 |   1846 |   6 | 1519.0 |
       Dungeon |   9114 |   8773 |    341 |   4395 |   1846 |   6 | 1519.0 |
               +--------+--------+--------+--------+--------+-----+--------+

Top non-repeatable levels by time:
     D:3: 1810 daAuts
     D:5: 1760 daAuts
     D:6: 1551 daAuts
     D:1: 1487 daAuts
     D:2: 1359 daAuts
     D:4: 1145 daAuts
